 Dungeon Crawl Stone Soup version 0.24.0-35-gdb84b6a5db (webtiles) character file.

Game seed: 17760774190082201379, levelgen mode: deterministic

209 Amplified the Ducker (level 5, 0/41 HPs)
             Began as a Merfolk Wizard on Nov 18, 2019.
             Was a Follower of Makhleb.
             Succumbed to a worker ant's poison
             ... on level 4 of the Dungeon.
             The game lasted 00:08:09 (3924 turns).

Amplified the Ducker (Merfolk Wizard)               Turns: 3924, Time: 00:08:10

Health: 0/41       AC:  2    Str:  8    XL:     5   Next: 87%
Magic:  6/9        EV: 14    Int: 18    God:    Makhleb [*.....]
Gold:   152        SH:  4    Dex: 12    Spells: 7/10 levels left

rFire    . . .     SeeInvis .   l - +0 halberd
rCold    . . .     Gourm    .   (shield currently unavailable)
rNeg     . . .     Faith    .   a - +0 robe
rPois    .         Spirit   .   b - +0 hat
rElec    .         Reflect  .   (no cloak)
rCorr    .         Harm     .   (no gloves)
MR       .....                  (no boots)
Stlth    ++........             (no amulet)
HPRegen  0.13/turn              (no ring)
MPRegen  0.11/turn              (no ring)

@: lethally poisoned (0 -> -10), very slightly contaminated
A: change form in water, swift swim, stealthy swim, claws 1, large bone plates
1, blurry vision 1, sense surroundings 1
a: Renounce Religion


You were on level 4 of the Dungeon.
You worshipped Makhleb.
Makhleb was aware of your devotion.
You were not hungry.

You visited 1 branch of the dungeon, and saw 4 of its levels.

You collected 152 gold pieces.

Inventory:

Hand Weapons
 g - a +2 hand axe of draining
 l - a +0 halberd (weapon)
Armour
 a - a +0 robe (worn)
 b - a +0 hat (worn)
 i - a +0 ring mail
 o - a +0 shield
Jewellery
 j - an uncursed amulet of guardian spirit
Scrolls
 f - a scroll of fog
 h - 2 scrolls of immolation
Potions
 c - a potion of mutation
 e - a potion of brilliance
Comestibles
 d - 5 rations
 k - 2 chunks of flesh


   Skills:
 * Level 3.4 Fighting
 - Level 1.9 Axes
 * Level 0.0(2.1) Polearms
 * Level 5.2 Dodging
 - Level 2.1 Stealth
 - Level 3.0 Spellcasting
 - Level 0.7 Conjurations
 - Level 1.0 Summonings
   Level 0.7 Translocations


You had 7 spell levels left.
You knew the following spells:

 Your Spells              Type           Power        Failure   Level  Hunger
a - Magic Dart            Conj           #...         12%         1    None
b - Call Imp              Summ           #.......     16%         2    ##.....

Your spell library contained the following spells:

 Spells                   Type           Power        Failure   Level  Hunger
 Blink                    Tloc           N/A          19%         2    ##.....
 Slow                     Hex            #.......     24%         2    ##.....
 Conjure Flame            Conj/Fire      #.......     38%         3    ###....
 Mephitic Cloud           Conj/Pois/Air  #.......     41%         3    ###....


Dungeon Overview and Level Annotations

Branches:
Dungeon (4/15)
 Temple: D:4-7

Altars:
Makhleb
Yredelemnul


Innate Abilities, Weirdness & Mutations

You revert to your normal form in water.
You are very nimble and swift while swimming.
You are very stealthy in the water. (Stealth+)
You have sharp fingernails.
You are partially covered in large bone plates. (SH +4)
Scrolls take you a little longer to read.
You passively map a small area around you.


Message History

The worker ant bites you.
* * * LOW HITPOINT WARNING * * *
Attack whom?
Press: ? - help, Dir - move target cursor, f/p - worker ant
Aim: a worker ant (moderately wounded)
You hit the worker ant.
The worker ant is heavily wounded.
You feel sick. The worker ant bites you!
* * * LOW HITPOINT WARNING * * *
You are more poisoned.
The worker ant poisons you! The worker ant closely misses you.
Okay, then.
Unknown command.
Unknown command.
Really quaff the potion of mutation?
You feel extremely strange.
You feel slightly disoriented.
You feel stupid.
Your vision blurs.
You feel a strange attunement to the structure of the dungeons.
Your fingernails lengthen.
You die...

#.##.# #.##.# #.##.#########
#.#..........#
#.#..........#
##.#..........#
######.........##### *
##########......5..........#
#..........####a@.......##.#
,, #.######...#
#.......).##.# #.### #...#
#.........##.# #.#.######.#
#.........##.# ...........#
####.###<###.# ......######
#.# #.# ..#* * ......# .#
#.# ... ......# .. <..,(.. ,
#.#.### #.# ,


You could see a worker ant and a friendly crimson imp.

Vanquished Creatures
  2 orc wizards (D:3)
  3 gnolls (D:2)
  4 adders
  2 worms (D:3)
  3 dart slugs
  2 orcs (D:3)
  7 giant cockroaches
  11 goblins
  6 hobgoblins
  3 ball pythons
  7 bats
  5 frilled lizards
  5 kobolds
  A quokka skeleton (D:4)
  22 rats
83 creatures vanquished.

Vanquished Creatures (collateral kills)
  A hobgoblin (D:1)
1 creature vanquished.

Grand Total: 84 creatures vanquished

Notes
Turn   | Place    | Note
-------+----------+-------------------------------------------
     0 | D:1      | Amplified the Merfolk Wizard began the quest for the Orb.
     0 | D:1      | Reached XP level 1. HP: 13/13 MP: 4/4
   167 | D:1      | Reached skill level 3 in Dodging
   193 | D:1      | Reached skill level 1 in Fighting
   291 | D:1      | Reached XP level 2. HP: 21/21 MP: 3/6
   790 | D:1      | Learned a level 2 spell: Call Imp
   992 | D:1      | Gained mutation: You passively map a small area around you.
                  | [potion of mutation]
   992 | D:1      | Gained mutation: You are partially covered in large bone
                  | plates. (SH +4) [potion of mutation]
   992 | D:1      | Gained mutation: Your mind is acute. (Int +2) [potion of
                  | mutation]
  1003 | D:1      | Reached XP level 3. HP: 6/27 MP: 1/7
  1797 | D:3      | Found a burning altar of Makhleb.
  1810 | D:3      | Reached skill level 4 in Dodging
  1819 | D:3      | Became a worshipper of Makhleb the Destroyer
  2074 | D:3      | Found a basalt altar of Yredelemnul.
  2095 | D:3      | Reached skill level 1 in Axes
  2095 | D:3      | Reached XP level 4. HP: 34/34 MP: 8/8
  2099 | D:3      | Reached XP level 5. HP: 40/40 MP: 9/9
  2194 | D:3      | Reached * piety under Makhleb
  2785 | D:2      | Reached skill level 5 in Dodging
  3923 | D:4      | HP: 1/41 [worker ant (7)]
  3924 | D:4      | Lost mutation: You passively map a small area around you.
                  | [potion of mutation]
  3924 | D:4      | Lost mutation: Your mind is acute. (Int +2) [potion of
                  | mutation]
  3924 | D:4      | Gained mutation: Scrolls take you a little longer to read.
                  | [potion of mutation]
  3924 | D:4      | Gained mutation: You passively map a small area around you.
                  | [potion of mutation]
  3924 | D:4      | Gained mutation: You have sharp fingernails. [potion of
                  | mutation]
  3924 | D:4      | Succumbed to a worker ant's poison

Levels and vault maps discovered:
D:1:      erik_arrival_orb_chamber, layout_loops_corners, hex_medium
D:2:      layout_basic
D:3:      cheibrodos_greedy_goblins, layout_basic,
          nicolae_overflow_hidden_temple, bloody_makhleb, first_ration,
          eino_tiny_chamber
D:4:      layout_basic, nemelex_xobeh_ov_fountains_minmay, uniq_menkaure,
          uniq_edmund, uniq_grinder

Skill      XL: |  1  2  3  4  5 |
---------------+----------------+-----
Dodging        | 3 4 5 |  5.2
Fighting       | 1 2 3 |  3.4
Axes           | 1 |  1.9
Stealth        | |  2.1
Spellcasting   | |  3.0
Conjurations   | |  0.7
Summonings     | |  1.0
Translocations | |  0.7

Action                   |  1- 3 |  4- 6 || total
-------------------------+-------+-------++-------
Melee: Unarmed           |    32 |       ||    32
       Hand axe          |    57 |   103 ||   160
       Halberd           |       |    18 ||    18
 Cast: Magic Dart        |    60 |     3 ||    63
       Call Imp          |     2 |     1 ||     3
  Use: Scroll            |     5 |     6 ||    11
       Potion            |     5 |     2 ||     7
 Stab: Sleeping          |     3 |     5 ||     8
  Eat: Ration            |     1 |       ||     1
       Chunk             |       |     6 ||     6
Armor: Robe              |    34 |    17 ||    51
       Skin              |     7 |       ||     7
Dodge: Dodged            |   117 |    90 ||   207
Block: Other             |    19 |    21 ||    40
